AoeStats
← K

Nomad

508707200Analyzed
4v4 RM · 10d ago on Sep 23, 2026· 49m 16s· 8 players
Game mode
Random Map
Map size
231×231
Population
200
Speed
Normal
Resources
Standard
Victory
Conquest
Starting age
Dark Age
Ending age
Imperial Age
RankedLock teamsTeams togetherTeam positionsShared explorationLock speedFull tech treeHidden civsTurbo modeCheats
Victory
Defeat
🇧🇷 Huns · Brazil
1172
+14
🇹🇷 Saracens · Türkiye
1170
+14
🇩🇪 Goths · Germany
1143
+15
🇫🇷 Maya · France
1101
+17
🇬🇧 Huns · United Kingdom
1231
-18
1185
-18
🇦🇷 Spanish · Argentina
1078
-13
🇨🇳 Jurchens · China
1010
-11
tobias-bayer90
15:57 Feudal Age
17:00 Double-Bit Axe
16:58 Horse Collar
22:05 Castle Age
22:22 Pikeman
35:17 Imperial Age
36:02 Forging
36:10 Perfusion
39:59 Squires
39:20 Halberdier
41:21 Scale Mail Armor
42:50 Anarchy
smyracula
3:30 Loom
13:38 Feudal Age
14:37 Double-Bit Axe
19:36 Fletching
24:46 Castle Age
23:32 Padded Archer Armor
24:52 Crossbowman
25:41 Thumb Ring
25:36 Demolition Ship
27:56 Leather Archer Armor
28:43 Bodkin Arrow
31:13 Ballistics
38:52 Imperial Age
36:47 Stone Mining
38:59 Capped Ram
40:22 Siege Ram
41:53 Arbalester
43:05 Ring Archer Armor
44:38 Onager
46:24 Chemistry
47:08 Gold Mining
47:30 Siege Onager
cafifi(*_*)#
4:42 Loom
15:24 Feudal Age
16:50 Double-Bit Axe
20:39 Castle Age
19:55 Scale Barding Armor
20:02 Forging
21:26 Fishing Lines
23:39 Fletching
24:27 Gold Mining
31:45 Pikeman
32:26 Squires
32:42 Gillnets
33:44 Arson
40:20 Bow Saw
40:22 Man-at-Arms
41:20 Long Swordsman
42:56 Wheelbarrow
42:10 Town Watch
44:09 Gold Shaft Mining
48:26 Chain Barding Armor
48:41 Iron Casting
48:07 Scale Mail Armor
50:55 Imperial Age
49:07 Husbandry
lpt42
4:42 Loom
14:07 Feudal Age
17:47 Castle Age
16:04 Fletching
18:03 Double-Bit Axe
19:02 Bow Saw
26:16 Wheelbarrow
28:18 Hand Cart
28:55 Bodkin Arrow
29:01 Padded Archer Armor
29:02 Gold Mining
29:59 Stone Mining
30:15 Horse Collar
34:32 Imperial Age
33:10 Leather Archer Armor
32:56 Scale Mail Armor
33:03 Crossbowman
34:11 Pikeman
34:52 Squires
34:37 Arson
36:24 Chemistry
37:12 Two-Man Saw
36:51 Stone Shaft Mining
36:21 Arbalester
37:08 Bracer
38:25 Halberdier
39:20 Forging
39:29 Chain Mail Armor
40:21 Ballistics
41:33 Thumb Ring
42:34 Masonry
43:30 Plate Mail Armor
YuangXue
16:55 Feudal Age
19:03 Horse Collar
19:39 Double-Bit Axe
21:21 Double-Bit Axe
24:01 Castle Age
25:28 Wheelbarrow
25:07 Bow Saw
25:29 Loom
33:29 Scale Barding Armor
34:41 Forging
37:40 Chain Barding Armor
41:58 Iron Casting
45:46 Imperial Age
Si me criticas te fedeo
3:00 Loom
16:11 Feudal Age
16:45 Town Watch
17:35 Wheelbarrow
17:19 Double-Bit Axe
17:44 Fishing Lines
19:47 Stone Mining
22:06 Castle Age
19:59 Fletching
21:54 Gold Mining
23:12 Bodkin Arrow
25:25 Bow Saw
26:21 Horse Collar
27:47 Scale Barding Armor
27:52 Husbandry
35:37 Heavy Plow
38:08 Gold Shaft Mining
41:10 Imperial Age
39:11 Yeomen
41:00 Padded Archer Armor
45:03 Imperial Age
nahuelAOE2
14:43 Feudal Age
14:55 Loom
19:57 Castle Age
20:19 Stone Mining
20:55 Bloodlines
20:46 Double-Bit Axe
22:19 Forging
30:42 Horse Collar
34:35 Bow Saw
35:44 Heavy Plow
36:27 Wheelbarrow
38:26 Gold Mining
38:56 Bloodlines
39:35 Iron Casting
39:06 Scale Barding Armor
41:51 Chain Barding Armor
44:07 Imperial Age
42:38 Fletching
K
14:19 Feudal Age
16:16 Fletching
21:55 Castle Age
22:14 Bloodlines
23:15 Forging
25:50 Scale Barding Armor
27:32 Husbandry
28:06 Double-Bit Axe
30:05 Wheelbarrow
29:16 Loom
34:46 Town Watch
35:31 Horse Collar
35:44 Gold Mining
39:15 Gold Shaft Mining
38:36 Stone Mining
43:33 Imperial Age
41:54 Heavy Plow
42:49 Iron Casting
43:35 Cavalier
45:26 Chain Barding Armor
Connection lost

Rejoining the realm…

Still unreachable

The connection could not be restored.

Session expired

The server has moved on; the page needs a fresh start.